 Dungeon Crawl Stone Soup version 0.24.0-13-gcf9b3192b9 (webtiles) character file.

Game seed: 14386486345685250539, levelgen mode: deterministic

429 Aviak the Ducker (level 6, -3/39 HPs)
             Began as a Tengu Transmuter on Nov 10, 2019.
             Slain by a centaur (10 damage)
             ... on level 3 of the Dungeon.
             The game lasted 00:04:16 (2802 turns).

Aviak the Ducker (Tengu Transmuter)                 Turns: 2802, Time: 00:04:17

Health: -3/39      AC:  5    Str: 10    XL:     6   Next: 98%
Magic:  7/10       EV: 16    Int: 13    God:
Gold:   152        SH:  0    Dex: 17    Spells: 8/9 levels left

rFire    . . .     SeeInvis .   f - +1 dagger (elec)
rCold    . . .     Gourm    .   (no shield)
rNeg     . . .     Faith    .   t - +0 ring mail
rPois    .         Spirit   .   (helmet restricted)
rElec    .         Reflect  .   (no cloak)
rCorr    +         Harm     .   (no gloves)
MR       .....                  (boots unavailable)
Stlth    +.........             (no amulet)
HPRegen  0.13/turn              n - ring of resist corrosion
MPRegen  0.12/turn              (no ring)

@: appendage, flying quickly and evasively, very slightly contaminated, quick
A: beak, horns 2, talons 3, able to fly
a: Stop Flying, End Transformation


You were on level 3 of the Dungeon.
You were not hungry.
You had grown temporary horns.
You visited 1 branch of the dungeon, and saw 6 of its levels.

You collected 152 gold pieces.

Inventory:

Hand Weapons
 e - a +0 hand axe
 f - a +1 dagger of electrocution (weapon)
Missiles
 a - 29 arrows
Armour
 b - a +0 robe
 o - a +0 leather armour
 t - a +0 ring mail (worn)
Jewellery
 n - a ring of resist corrosion (left hand)
Scrolls
 g - 5 scrolls of enchant armour {unknown}
 h - 3 scrolls of fog {unknown}
 j - a scroll of immolation {unknown}
 k - a scroll of amnesia {unknown}
 l - 3 scrolls of remove curse {unknown}
 m - a scroll of blinking {unknown}
 p - a scroll of identify {unknown}
 q - a scroll of teleportation {unknown}
 s - a scroll of noise {unknown}
Potions
 c - 2 potions of might {unknown}
 i - a potion of curing {unknown}
 r - a potion of heal wounds {unknown}
Comestibles
 d - 2 rations
 u - 6 chunks of flesh


   Skills:
 + Level 4.7 Fighting
 + Level 1.6 Armour
 + Level 5.5 Dodging
 - Level 3.2 Unarmed Combat
 - Level 2.0 Spellcasting
 - Level 1.5 Transmutations


You had 8 spell levels left.
You knew the following spells:

 Your Spells              Type           Power        Failure   Level  Hunger
a - Beastly Appendage     Tmut           #.....       34%         1    ##.....

Your spell library contained the following spells:

 Spells                   Type           Power        Failure   Level  Hunger
 Sticks to Snakes         Tmut           #.......     45%         2    ###....
 Spider Form              Tmut/Pois      #.........   80%         3    ####...
 Ice Form                 Ice/Tmut       #.......     99%         4    #####..
 Blade Hands              Tmut           #.........   100%        5    ######.


Dungeon Overview and Level Annotations

Branches:
Dungeon (6/15)
 Temple: D:4-7

Altars:
Cheibriados
Okawaru
Yredelemnul

Annotations:
D:2 2 exclusions


Innate Abilities, Weirdness & Mutations

You have a beak for a mouth.
You have claws for feet.
You can fly continuously.
You have a pair of horns on your head.


Message History

You miscast Beastly Appendage.
Nothing appears to happen.
The centaur shoots an arrow.
The arrow hits you!
* * * LOW HITPOINT WARNING * * *
You hit the centaur. Lightning courses through the centaur!
You peck the centaur, but do no damage.
The centaur is heavily wounded.
The centaur unwields a +0 shortbow.
The centaur hits you but does no damage.
Casting: Beastly Appendage (safe; 34% risk of failure)
Confirm with . or Enter, or press ? or * to list all spells.
You grow a pair of large bovine horns.
The centaur hits you.
* * * LOW HITPOINT WARNING * * *
You hit the centaur but do no damage.
The centaur is heavily wounded.
The centaur hits you but does no damage.
The centaur drinks a potion.
The centaur goes berserk!
You closely miss the centaur. You peck the centaur.
The centaur is heavily wounded.
The centaur misses you. The centaur hits you!
You die...

#######.### ##
... ........#
#.. ..!
######### #.#
..# #.# ..# #
#)# ..#.# #.#
?...#
..#####.##....#
........@c....#
######.##..###
#.# ..# #># ..#
#.# ..# #.# ...
#.. .... ..<
.>.# ###.


You could see a centaur (berserk).

Vanquished Creatures
  A phantom (D:6)
  An ogre (D:4)
  A scorpion (D:5)
  A centaur zombie (D:4)
  A bullfrog zombie (D:5)
  A hound (D:6)
  A howler monkey zombie (D:4)
  3 adders
  A worm (D:5)
  3 dart slugs
  5 leopard geckos
  2 orcs
  3 bats (D:1)
  10 giant cockroaches
  6 goblins
  6 hobgoblins
  A jackal (D:1)
  A quokka (D:2)
  2 ball pythons
  3 frilled lizards
  A jackal zombie (D:4)
  5 kobolds
  4 rats
63 creatures vanquished.

Notes
Turn   | Place    | Note
-------+----------+-------------------------------------------
     0 | D:1      | Aviak the Tengu Transmuter began the quest for the Orb.
     0 | D:1      | Reached XP level 1. HP: 12/12 MP: 4/4
   305 | D:1      | Reached XP level 2. HP: 7/16 MP: 3/6
   721 | D:1      | Reached skill level 3 in Dodging
   774 | D:1      | Reached XP level 3. HP: 20/21 MP: 7/7
  1247 | D:2      | Found an iron altar of Okawaru.
  1578 | D:2      | Reached XP level 4. HP: 25/27 MP: 8/8
  2126 | D:2      | Found a snail-covered altar of Cheibriados.
  2127 | D:2      | Found a basalt altar of Yredelemnul.
  2378 | D:3      | You fall into a shaft and drop 3 floors!
  2393 | D:6      | Noticed a phantom
  2409 | D:6      | Killed a phantom
  2409 | D:6      | Reached skill level 4 in Dodging
  2409 | D:6      | Gained mutation: You can fly continuously. [Tengu growth]
  2409 | D:6      | Reached XP level 5. HP: 27/33 MP: 9/9
  2459 | D:5      | Entered Level 5 of the Dungeon
  2505 | D:5      | Reached skill level 5 in Dodging
  2505 | D:5      | Reached XP level 6. HP: 30/38 MP: 8/10
  2746 | D:4      | Reached skill level 1 in Armour
  2802 | D:3      | Slain by a centaur

Levels and vault maps discovered:
D:1:      dpeg_arrival_brainrot, layout_basic, skrybe_limestone_x,
          nrook_mini_vaults
D:2:      minmay_roachtagon, layout_basic, gammafunk_temple_overflow_pools,
          kennysheep_okawaru_gauntlet
D:3:      layout_loops_ring, overflow_temple_1_default,
          lemuel_coloured_pillars_altar
D:4:      layout_basic, kennysheep_mini_moat, nicolae_overflow_crystal_walls,
          serial_undead, serial_undead_a, serial_undead_f, serial_undead_d,
          serial_undead_d
D:5:      layout_gridville, first_ration, grunt_gozag_breadcrumbs
D:6:      layout_loops_ring, temple_doors_cd

Skill      XL: |  1  2  3  4  5  6 |
---------------+-------------------+-----
Fighting       | 2 3 4 |  4.7
Dodging        | 3 4 5 |  5.5
Armour         | 1 |  1.6
Unarmed Combat | |  3.2
Spellcasting   | |  2.0
Transmutations | |  1.5

Action                   |  1- 3 |  4- 6 || total
-------------------------+-------+-------++-------
Melee: Hand axe          |    25 |       ||    25
       Unarmed           |     5 |       ||     5
       Kick              |    17 |    22 ||    39
       Dagger            |    59 |    72 ||   131
       Peck              |     7 |    11 ||    18
       Headbutt          |       |     9 ||     9
       Punch             |       |     2 ||     2
 Cast: Beastly Appendage |     4 |     6 ||    10
 Abil: Fly               |       |     1 ||     1
 Stab: Sleeping          |       |     2 ||     2
  Eat: Chunk             |     2 |     4 ||     6
Armor: Robe              |     6 |       ||     6
       Leather armour    |     5 |     3 ||     8
       Ring mail         |       |     2 ||     2
Dodge: Dodged            |    88 |    41 ||   129
